 Dungeon Crawl Stone Soup version 0.21.1-1-g345015fe64 (webtiles) character file.

11 Lothor the Caller (level 2, 0/19 HPs)
             Began as a Barachi Summoner on Mar 31, 2018.
             Succumbed to an adder's poison
             ... on level 2 of the Dungeon.
             The game lasted 00:05:02 (974 turns).

Lothor the Caller (Barachi Summoner)                 Turns: 974, Time: 00:05:03

Health: 0/19       AC:  2    Str:  9    XL:     2   Next: 25%
Magic:  0/5        EV: 12    Int: 15    God:
Gold:   20         SH:  0    Dex: 12    Spells: 2/5 levels left

rFire    . . .     SeeInvis .   g - +0 club
rCold    . . .     Gourm    .   (no shield)
rNeg     . . .     Faith    .   a - +0 robe
rPois    .         Spirit   .   (no helmet)
rElec    .         Reflect  .   (no cloak)
rCorr    .         Harm     .   (no gloves)
MR       .....                  (no boots)
Stlth    ++........             (no amulet)
HPRegen  0.06/turn              (no ring)
MPRegen  0.09/turn              (no ring)

@: lethally poisoned (0 -> -8), slow
A: +LOS, swims, slowness 1, strong legs 1
a: Hop


You were on level 2 of the Dungeon.
You were not hungry.

You visited 1 branch of the dungeon, and saw 2 of its levels.

You collected 20 gold pieces.

Inventory:

Hand Weapons
 g - a +0 club (weapon)
Missiles
 d - 17 stones (quivered)
 h - 14 sling bullets
Armour
 a - a +0 robe (worn)
Scrolls
 e - a scroll of remove curse {unknown}
 f - a scroll of magic mapping {unknown}
 i - a scroll of fog {unknown}
Books
 b - a book of Callings

   Spells                             Type                      Level
   a - Summon Small Mammal            Summoning                    1
   b - Call Imp                       Summoning                    2
   c - Call Canine Familiar           Summoning                    3
   d - Summon Guardian Golem          Hexes/Summoning              3
   e - Summon Lightning Spire         Summoning/Air                4
   f - Summon Ice Beast               Ice/Summoning                4
Comestibles
 c - 4 rations


   Skills:
 + Level 2.5 Dodging
 + Level 1.8 Stealth
 + Level 2.2 Spellcasting
 + Level 5.2 Summonings


You had 2 spell levels left.
You knew the following spells:

 Your Spells              Type           Power        Failure   Level  Hunger
a - Summon Small Mammal   Summ           ###.         2%          1    #......
b - Call Imp              Summ           ###.....     3%          2    ###....


Dungeon Overview and Level Annotations

Branches:
Dungeon (2/15)

Altars:


Innate Abilities, Weirdness & Mutations

Shadows flee at your approach. (+LOS)
You can swim through water.
You cover ground slowly.
You can hop short distances.


Message History

The adder bites you. The leopard gecko closely misses you.
A bat comes into view.
Your crimson imp blinks!
The bat misses you.
Casting: Call Imp
Confirm with . or Enter, or press ? or * to list all spells.
A metallic apparition takes form in the air.
You feel sick. The bat hits you.
* * * LOW HITPOINT WARNING * * *
The adder closely misses you. The leopard gecko misses you.
The adder barely misses you. The bat hits you but does no damage.
The leopard gecko misses you.
The bat barely misses you. x2; The adder bites you.
* * * LOW HITPOINT WARNING * * *
The adder bites you.
* * * LOW HITPOINT WARNING * * *
You are more poisoned.
The adder poisons you!
There is a lethal amount of poison in your body!
You die...

. #..#..##.# ...##..#
#..#....# #.. #... #
#<.#....##.# 5..
.#.####.#......# #..
...............##.#
....$.....5.>....#
...##.....5.....l# .#
#.#....##.5Sb#
.............@#
#.............#.......#
......#.#<.##.....%......
......+..........###.#...
......#..#.###.#.# # .
.#### #..#.. ..... ...
####.### #


You could see an adder, a leopard gecko, a bat, a friendly iron imp and 2
friendly crimson imps.

Vanquished Creatures (collateral kills)
  3 giant cockroaches
  3 hobgoblins (D:1)
  2 bats (D:1)
  2 frilled lizards (D:1)
  3 kobolds (D:1)
  3 rats (D:1)
16 creatures vanquished.

Notes
Turn   | Place    | Note
-------+----------+-------------------------------------------
     0 | D:1      | Lothor the Barachi Summoner began the quest for the Orb.
     0 | D:1      | Reached XP level 1. HP: 13/13 MP: 3/3
    57 | D:1      | Reached skill level 5 in Summonings
   358 | D:1      | Reached XP level 2. HP: 13/19 MP: 0/5
   427 | D:1      | Learned a level 2 spell: Call Imp
   974 | D:2      | Succumbed to an adder's poison

Skill      XL: |  1 |
---------------+----+-----
Summonings     | 5 |  5.2
Dodging        | |  2.5
Stealth        | |  1.8
Spellcasting   | |  2.2

Action                   || total
-------------------------++-------
Melee: Club              ||     4
 Cast: Summon Small Mamm ||    22
       Call Imp          ||     8
 Abil: Hop               ||     1
  Eat: Chunk             ||     1
Armor: Robe              ||    21
Dodge: Dodged            ||    58
